[ PARTIDA AOE2 · #469077942 ]
Team RMTurcos vs Romans
[ ANÁLISIS DE REPETICIÓN · EXTRAÍDO DE LA PARTIDA GRABADA ]
Feudal
14:24
Castillos
18:31
Imperial
24:38
| APM promedio | 16.0 |
| APM pico | 42 |
| eAPM promedio | 9.8 |
| Aldeanos / militares | 58 / 119 |
Foco
⚔️ 20.3% · 🌾 79.7%
Hand Cannoneer ×113 · Trade Cart ×9 · Bombard Cannon ×6
Feudal
12:23
Castillos
17:20
Imperial
31:58
| APM promedio | 24.1 |
| APM pico | 61 |
| eAPM promedio | 18.6 |
| Aldeanos / militares | 152 / 140 |
Foco
⚔️ 31.6% · 🌾 68.4%
Throwing Axeman ×97 · Skirmisher ×30 · Mangonel ×6 · Fishing Ship ×5 · Cannon Galleon ×4 · Monk ×3
Feudal
19:46
Castillos
32:43
Imperial
41:47
| APM promedio | 36.8 |
| APM pico | 67 |
| eAPM promedio | 15.5 |
| Aldeanos / militares | 105 / 88 |
Foco
⚔️ 24.0% · 🌾 76.0%
Skirmisher ×49 · Scout Cavalry ×21 · Cavalry Archer ×15 · Fishing Ship ×3 · Monk ×3
Feudal
12:57
Castillos
17:19
Imperial
30:33
| APM promedio | 25.8 |
| APM pico | 59 |
| eAPM promedio | 12.4 |
| Aldeanos / militares | 121 / 120 |
Foco
⚔️ 22.9% · 🌾 77.1%
Spearman ×74 · Hand Cannoneer ×30 · Bombard Cannon ×11 · Trade Cart ×5 · Fishing Ship ×4 · Demolition Raft ×3
Feudal
15:31
Castillos
21:43
Imperial
—
| APM promedio | 12.3 |
| APM pico | 33 |
| eAPM promedio | 9.7 |
| Aldeanos / militares | 111 / 45 |
Foco
⚔️ 21.7% · 🌾 78.3%
Scorpion ×20 · Spearman ×15 · Centurion ×9 · Monk ×1
Feudal
11:52
Castillos
16:16
Imperial
33:15
| APM promedio | 16.1 |
| APM pico | 54 |
| eAPM promedio | 12.8 |
| Aldeanos / militares | 154 / 147 |
Foco
⚔️ 25.1% · 🌾 74.9%
Fire Lancer ×128 · Fishing Ship ×11 · Trade Cart ×11 · Iron Pagoda ×9 · Trebuchet (Packed) ×5 · Monk ×4
Feudal
11:41
Castillos
15:31
Imperial
33:15
| APM promedio | 31.6 |
| APM pico | 81 |
| eAPM promedio | 18.3 |
| Aldeanos / militares | 128 / 117 |
Foco
⚔️ 26.2% · 🌾 73.8%
Militia ×52 · Knight ×46 · Woad Raider ×18 · Monk ×1
Feudal
17:20
Castillos
37:12
Imperial
44:39
| APM promedio | 26.5 |
| APM pico | 57 |
| eAPM promedio | 13.2 |
| Aldeanos / militares | 109 / 21 |
Foco
⚔️ 26.8% · 🌾 73.2%
Knight ×14 · Spearman ×6 · Monk ×1
Mapa de la partida
Recursos al inicio + cada clic de construcción. Línea gruesa = muro · recuadro discontinuo = muro de casas detectado. 🟡 oro · ⚪ piedra · 🟢 bayas · 🔶 jabalí · ⭕ reliquia
Inputs por minuto
— Traumanomics - - 阿哲哲阿
Build order — Traumanomics
Primeras 150 de 187 acciones detectadas
| 0:03 | Construir | House |
| 0:05 | Construir | House |
| 0:06 | Investigar | Loom |
| 0:07 | Crear | Villager (Male) |
| 0:07 | Crear | Villager (Male) |
| 0:07 | Crear | Villager (Male) |
| 0:07 | Crear | Villager (Male) |
| 0:22 | Construir | Palisade Wall |
| 0:50 | Construir | Palisade Gate |
| 1:30 | Construir | Lumber Camp |
| 2:31 | Crear | Villager (Male) |
| 3:17 | Crear | Villager (Male) |
| 3:17 | Crear | Villager (Male) |
| 3:56 | Crear | Villager (Male) |
| 4:30 | Crear | Villager (Male) |
| 4:30 | Crear | Villager (Male) |
| 5:20 | Crear | Villager (Male) |
| 5:37 | Construir | House |
| 5:45 | Crear | Villager (Male) |
| 5:45 | Crear | Villager (Male) |
| 6:03 | Construir | Mill |
| 6:09 | Crear | Villager (Male) |
| 6:30 | Crear | Villager (Male) |
| 6:30 | Crear | Villager (Male) |
| 7:26 | Construir | Outpost |
| 7:57 | Crear | Villager (Male) |
| 7:57 | Crear | Villager (Male) |
| 8:02 | Crear | Villager (Male) |
| 8:49 | Crear | Villager (Male) |
| 8:56 | Construir | House |
| 9:00 | Crear | Villager (Male) |
| 9:37 | Construir | Farm |
| 9:38 | Construir | Farm |
| 9:39 | Construir | Farm |
| 9:41 | Construir | Farm |
| 9:43 | Construir | Farm |
| 9:45 | Construir | Farm |
| 9:50 | Construir | Farm |
| 9:53 | Crear | Villager (Male) |
| 9:54 | Crear | Villager (Male) |
| 9:55 | Crear | Villager (Male) |
| 10:02 | Construir | House |
| 11:10 | Crear | Villager (Male) |
| 11:10 | Crear | Villager (Male) |
| 11:43 | Investigar | Feudal Age |
| 12:08 | Construir | Mining Camp |
| 13:01 | Crear | Villager (Male) |
| 13:01 | Crear | Villager (Male) |
| 13:01 | Crear | Villager (Male) |
| 14:24 | Edad | Edad Feudal |
| 14:30 | Construir | Market |
| 14:33 | Construir | Blacksmith |
| 15:26 | Construir | Stone Wall |
| 15:34 | Construir | Farm |
| 15:40 | Construir | Farm |
| 15:51 | Investigar | Castle Age |
| 16:39 | Construir | Building 487 |
| 16:55 | Crear | Villager (Male) |
| 16:55 | Crear | Villager (Male) |
| 16:56 | Crear | Villager (Male) |
| 18:12 | Investigar | Double-Bit Axe |
| 18:31 | Edad | Edad de los Castillos |
| 18:48 | Construir | House |
| 18:51 | Construir | House |
| 19:09 | Construir | Farm |
| 19:11 | Construir | Farm |
| 19:14 | Construir | Farm |
| 19:16 | Construir | Farm |
| 19:41 | Construir | Farm |
| 19:47 | Construir | Monastery |
| 19:59 | Construir | Siege Workshop |
| 20:15 | Crear | Villager (Male) |
| 20:32 | Construir | Farm |
| 21:28 | Investigar | Imperial Age |
| 22:02 | Construir | Barracks |
| 22:09 | Construir | Barracks |
| 23:03 | Construir | Archery Range |
| 23:10 | Construir | Archery Range |
| 23:27 | Investigar | Horse Collar |
| 24:38 | Edad | Edad Imperial |
| 24:39 | Crear | Bombard Cannon |
| 24:40 | Crear | Bombard Cannon |
| 24:46 | Crear | Hand Cannoneer ×3 |
| 24:46 | Crear | Hand Cannoneer ×3 |
| 24:51 | Crear | Villager (Male) |
| 24:51 | Crear | Villager (Male) |
| 24:52 | Crear | Villager (Male) |
| 24:52 | Crear | Villager (Male) |
| 25:03 | Crear | Hand Cannoneer |
| 25:03 | Crear | Hand Cannoneer |
| 25:09 | Crear | Hand Cannoneer |
| 25:21 | Construir | House |
| 25:23 | Construir | House |
| 25:24 | Construir | House |
| 25:26 | Construir | House |
| 26:00 | Construir | Lumber Camp |
| 26:36 | Crear | Hand Cannoneer ×5 |
| 26:36 | Crear | Hand Cannoneer ×5 |
| 26:56 | Construir | Mining Camp |
| 26:58 | Crear | Villager (Male) |
| 27:11 | Crear | Hand Cannoneer ×2 |
| 27:11 | Crear | Hand Cannoneer ×2 |
| 27:18 | Construir | Archery Range |
| 27:48 | Crear | Hand Cannoneer ×3 |
| 27:48 | Crear | Hand Cannoneer ×3 |
| 28:23 | Crear | Hand Cannoneer ×3 |
| 28:27 | Construir | House |
| 28:28 | Construir | House |
| 28:29 | Construir | House |
| 28:29 | Construir | House |
| 28:34 | Crear | Villager (Male) |
| 28:34 | Crear | Villager (Male) |
| 28:34 | Crear | Villager (Male) |
| 29:03 | Construir | Farm |
| 29:29 | Crear | Hand Cannoneer ×5 |
| 29:30 | Crear | Hand Cannoneer |
| 29:30 | Crear | Hand Cannoneer |
| 30:41 | Construir | Farm |
| 30:45 | Crear | Villager (Male) |
| 30:46 | Crear | Villager (Male) |
| 31:43 | Crear | Hand Cannoneer ×5 |
| 31:43 | Crear | Hand Cannoneer ×5 |
| 31:43 | Crear | Hand Cannoneer ×5 |
| 31:43 | Crear | Hand Cannoneer ×5 |
| 31:53 | Construir | Mining Camp |
| 32:33 | Crear | Bombard Cannon |
| 32:33 | Crear | Bombard Cannon |
| 32:54 | Crear | Villager (Male) |
| 32:54 | Crear | Villager (Male) |
| 32:54 | Crear | Villager (Male) |
| 32:55 | Crear | Villager (Male) |
| 32:55 | Crear | Villager (Male) |
| 32:56 | Crear | Villager (Male) |
| 32:57 | Crear | Villager (Male) |
| 32:58 | Crear | Villager (Male) |
| 35:11 | Crear | Bombard Cannon |
| 35:11 | Crear | Bombard Cannon |
| 35:18 | Construir | House |
| 35:21 | Construir | House |
| 35:21 | Construir | House |
| 35:22 | Construir | House |
| 35:23 | Construir | House |
| 35:33 | Crear | Trade Cart |
| 35:34 | Crear | Trade Cart |
| 35:34 | Crear | Trade Cart |
| 35:34 | Crear | Trade Cart |
| 35:34 | Crear | Trade Cart |
| 35:47 | Crear | Hand Cannoneer ×5 |
| 35:47 | Crear | Hand Cannoneer ×5 |
| 35:47 | Crear | Hand Cannoneer |
Build order — 阿哲哲阿
Primeras 150 de 469 acciones detectadas
| 0:06 | Construir | House |
| 0:07 | Construir | House |
| 0:07 | Crear | Villager (Male) |
| 0:08 | Crear | Villager (Male) |
| 0:08 | Crear | Villager (Male) |
| 0:08 | Crear | Villager (Male) |
| 0:08 | Crear | Villager (Male) |
| 1:37 | Crear | Villager (Male) |
| 1:38 | Crear | Villager (Male) |
| 2:26 | Construir | Lumber Camp |
| 2:32 | Crear | Villager (Male) |
| 2:32 | Crear | Villager (Male) |
| 2:32 | Crear | Villager (Male) |
| 2:34 | Crear | Villager (Male) |
| 2:34 | Crear | Villager (Male) |
| 3:07 | Crear | Villager (Male) |
| 3:07 | Crear | Villager (Male) |
| 3:15 | Crear | Villager (Male) |
| 3:15 | Crear | Villager (Male) |
| 3:56 | Construir | House |
| 4:22 | Crear | Villager (Male) |
| 4:23 | Crear | Villager (Male) |
| 4:23 | Crear | Villager (Male) |
| 4:23 | Crear | Villager (Male) |
| 4:27 | Construir | House |
| 4:52 | Crear | Villager (Male) |
| 4:53 | Crear | Villager (Male) |
| 5:11 | Construir | Dock |
| 5:23 | Crear | Villager (Male) |
| 5:23 | Crear | Villager (Male) |
| 5:38 | Crear | Villager (Male) |
| 5:38 | Crear | Villager (Male) |
| 6:01 | Crear | Fishing Ship |
| 6:25 | Crear | Villager (Male) |
| 6:25 | Crear | Villager (Male) |
| 6:25 | Crear | Villager (Male) |
| 6:30 | Crear | Fishing Ship |
| 7:01 | Crear | Villager (Male) |
| 7:01 | Crear | Villager (Male) |
| 7:01 | Crear | Villager (Male) |
| 7:07 | Crear | Fishing Ship |
| 7:38 | Construir | Mill |
| 7:41 | Crear | Villager (Male) |
| 8:26 | Crear | Villager (Male) |
| 8:26 | Crear | Villager (Male) |
| 8:31 | Investigar | Loom |
| 8:35 | Construir | House |
| 8:42 | Crear | Villager (Male) |
| 9:06 | Crear | Villager (Male) |
| 9:06 | Crear | Villager (Male) |
| 9:17 | Crear | Villager (Male) |
| 9:17 | Crear | Villager (Male) |
| 9:24 | Construir | Mining Camp |
| 9:26 | Crear | Fishing Ship |
| 9:50 | Investigar | Feudal Age |
| 10:08 | Crear | Villager (Male) |
| 10:08 | Crear | Villager (Male) |
| 10:13 | Investigar | Feudal Age |
| 10:53 | Crear | Villager (Male) |
| 10:55 | Crear | Villager (Male) |
| 11:04 | Crear | Villager (Male) |
| 11:05 | Crear | Villager (Male) |
| 11:10 | Crear | Fishing Ship |
| 12:23 | Edad | Edad Feudal |
| 12:40 | Construir | Fish Trap |
| 12:43 | Construir | Fish Trap |
| 12:45 | Construir | Fish Trap |
| 12:47 | Construir | Fish Trap |
| 12:49 | Construir | Fish Trap |
| 12:51 | Construir | House |
| 12:57 | Investigar | Wheelbarrow |
| 13:12 | Construir | Blacksmith |
| 13:35 | Construir | Market |
| 14:15 | Crear | Villager (Male) |
| 14:32 | Investigar | Castle Age |
| 14:56 | Construir | House |
| 15:00 | Construir | House |
| 15:02 | Construir | House |
| 15:07 | Investigar | Double-Bit Axe |
| 16:17 | Construir | House |
| 16:28 | Crear | Villager (Male) |
| 16:28 | Crear | Villager (Male) |
| 16:51 | Construir | House |
| 17:20 | Edad | Edad de los Castillos |
| 17:24 | Construir | Town Center |
| 17:32 | Construir | Town Center |
| 17:54 | Construir | Barracks |
| 17:57 | Construir | Farm |
| 18:30 | Construir | Farm |
| 18:33 | Crear | Villager (Male) |
| 18:33 | Crear | Villager (Male) |
| 18:33 | Crear | Villager (Male) |
| 18:33 | Crear | Villager (Male) |
| 18:38 | Crear | Villager (Male) |
| 18:39 | Crear | Villager (Male) |
| 18:39 | Crear | Villager (Male) |
| 18:39 | Crear | Villager (Male) |
| 18:57 | Construir | Farm |
| 19:06 | Construir | Farm |
| 19:12 | Crear | Villager (Male) |
| 19:12 | Crear | Villager (Male) |
| 19:12 | Crear | Villager (Male) |
| 19:13 | Crear | Villager (Male) |
| 19:15 | Crear | Villager (Male) |
| 19:15 | Crear | Villager (Male) |
| 19:19 | Crear | Villager (Male) |
| 19:22 | Construir | Farm |
| 19:27 | Construir | Farm |
| 19:56 | Crear | Villager (Male) |
| 19:56 | Crear | Villager (Male) |
| 19:56 | Crear | Villager (Male) |
| 20:02 | Investigar | Stone Mining |
| 20:34 | Construir | Siege Workshop |
| 21:02 | Construir | Farm |
| 21:04 | Crear | Villager (Male) |
| 21:07 | Crear | Villager (Male) |
| 21:08 | Crear | Villager (Male) |
| 21:09 | Crear | Villager (Male) |
| 21:09 | Crear | Villager (Male) |
| 21:10 | Crear | Villager (Male) |
| 21:19 | Crear | Villager (Male) |
| 21:20 | Crear | Villager (Male) |
| 21:21 | Construir | Farm |
| 21:25 | Construir | Farm |
| 21:30 | Construir | Farm |
| 21:35 | Crear | Mangonel |
| 21:35 | Crear | Mangonel |
| 21:48 | Crear | Villager (Male) |
| 21:48 | Crear | Villager (Male) |
| 21:48 | Crear | Villager (Male) |
| 21:52 | Construir | Farm |
| 22:53 | Investigar | Fletching |
| 23:04 | Construir | Stable |
| 23:06 | Crear | Villager (Male) |
| 23:06 | Crear | Villager (Male) |
| 23:08 | Crear | Villager (Male) |
| 23:08 | Crear | Villager (Male) |
| 23:09 | Crear | Villager (Male) |
| 23:09 | Crear | Villager (Male) |
| 23:12 | Construir | Farm |
| 23:15 | Construir | Farm |
| 23:20 | Construir | Farm |
| 23:23 | Construir | Farm |
| 23:43 | Investigar | Forging |
| 23:47 | Crear | Villager (Male) |
| 23:47 | Crear | Villager (Male) |
| 23:47 | Crear | Villager (Male) |
| 23:51 | Construir | Farm |
| 23:55 | Construir | Farm |
| 23:57 | Construir | Farm |
Build order — ferris110443
Primeras 150 de 192 acciones detectadas
| 0:06 | Crear | Villager (Male) ×4 |
| 0:53 | Investigar | Loom |
| 0:57 | Crear | Villager (Male) |
| 1:27 | Crear | Villager (Male) |
| 1:27 | Crear | Villager (Male) |
| 1:55 | Crear | Villager (Male) |
| 1:55 | Crear | Villager (Male) |
| 2:36 | Construir | Palisade Gate |
| 3:56 | Crear | Villager (Male) |
| 3:57 | Crear | Villager (Male) |
| 3:57 | Crear | Villager (Male) |
| 4:59 | Construir | Lumber Camp |
| 5:01 | Crear | Villager (Male) |
| 5:01 | Crear | Villager (Male) |
| 5:48 | Crear | Villager (Male) |
| 5:48 | Crear | Villager (Male) |
| 5:48 | Crear | Villager (Male) |
| 6:21 | Crear | Villager (Male) |
| 6:23 | Crear | Villager (Male) |
| 6:23 | Crear | Villager (Male) |
| 7:13 | Crear | Villager (Male) |
| 9:07 | Construir | Mill |
| 10:01 | Crear | Villager (Male) |
| 10:01 | Crear | Villager (Male) |
| 11:03 | Construir | Palisade Wall |
| 11:20 | Construir | Palisade Gate |
| 13:07 | Crear | Villager (Male) |
| 13:07 | Crear | Villager (Male) |
| 13:08 | Crear | Villager (Male) |
| 14:01 | Construir | Dock |
| 14:03 | Construir | Mill |
| 14:04 | Crear | Villager (Male) |
| 14:05 | Crear | Villager (Male) |
| 14:05 | Crear | Villager (Male) |
| 14:46 | Crear | Fishing Ship |
| 14:47 | Crear | Fishing Ship |
| 15:09 | Crear | Fishing Ship |
| 15:46 | Crear | Villager (Male) |
| 15:46 | Crear | Villager (Male) |
| 17:11 | Crear | Villager (Male) |
| 17:15 | Crear | Villager (Male) |
| 17:36 | Investigar | Feudal Age |
| 17:36 | Investigar | Feudal Age |
| 19:30 | Crear | Villager (Male) |
| 19:31 | Crear | Villager (Male) |
| 19:46 | Edad | Edad Feudal |
| 20:04 | Construir | Barracks |
| 20:11 | Investigar | Double-Bit Axe |
| 21:07 | Construir | Stable |
| 21:14 | Construir | Mining Camp |
| 21:21 | Construir | Farm |
| 21:49 | Crear | Villager (Male) |
| 21:50 | Crear | Villager (Male) |
| 21:52 | Investigar | Wheelbarrow |
| 22:02 | Crear | Scout Cavalry |
| 22:02 | Crear | Scout Cavalry |
| 22:10 | Construir | Blacksmith |
| 22:36 | Construir | Mill |
| 22:49 | Crear | Scout Cavalry |
| 23:24 | Investigar | Bloodlines |
| 23:25 | Crear | Scout Cavalry |
| 23:25 | Crear | Scout Cavalry |
| 23:30 | Investigar | Forging |
| 23:30 | Investigar | Forging |
| 23:31 | Investigar | Scale Barding Armor |
| 23:31 | Investigar | Scale Barding Armor |
| 23:36 | Construir | Stable |
| 23:40 | Crear | Villager (Male) |
| 23:43 | Construir | Fish Trap |
| 23:44 | Construir | Fish Trap |
| 23:45 | Construir | Fish Trap |
| 24:05 | Construir | Farm |
| 24:08 | Crear | Villager (Male) |
| 24:10 | Crear | Scout Cavalry |
| 24:11 | Crear | Scout Cavalry |
| 25:06 | Crear | Scout Cavalry ×4 |
| 27:58 | Construir | Farm |
| 27:58 | Construir | Farm |
| 28:04 | Construir | Farm |
| 28:05 | Construir | Farm |
| 28:05 | Construir | Farm |
| 28:05 | Construir | Farm |
| 28:06 | Construir | Farm |
| 28:06 | Construir | Farm |
| 28:07 | Crear | Villager (Male) |
| 28:08 | Crear | Villager (Male) |
| 28:08 | Crear | Villager (Male) |
| 30:01 | Construir | Fish Trap |
| 30:03 | Investigar | Castle Age |
| 30:03 | Investigar | Castle Age |
| 30:59 | Crear | Villager (Male) ×5 |
| 31:04 | Investigar | Horse Collar |
| 31:08 | Construir | Farm |
| 31:08 | Construir | Farm |
| 31:08 | Construir | Farm |
| 31:09 | Construir | Farm |
| 31:09 | Construir | Farm |
| 31:09 | Construir | Farm |
| 31:10 | Construir | Farm |
| 31:10 | Construir | Farm |
| 31:10 | Construir | Farm |
| 31:10 | Construir | Farm |
| 31:11 | Construir | Farm |
| 31:57 | Construir | Building 487 |
| 32:02 | Construir | Stone Wall |
| 32:43 | Edad | Edad de los Castillos |
| 33:21 | Construir | Archery Range |
| 33:22 | Construir | Archery Range |
| 33:24 | Investigar | Heavy Plow |
| 33:25 | Investigar | Heavy Plow |
| 33:27 | Crear | Villager (Male) ×5 |
| 33:29 | Construir | Town Center |
| 34:18 | Crear | Cavalry Archer ×2 |
| 34:27 | Crear | Villager (Male) ×5 |
| 34:30 | Investigar | Fletching |
| 34:30 | Investigar | Padded Archer Armor |
| 34:52 | Crear | Villager (Male) |
| 34:52 | Crear | Villager (Male) |
| 34:53 | Crear | Villager (Male) |
| 35:47 | Investigar | Thumb Ring |
| 35:52 | Investigar | Bodkin Arrow |
| 36:04 | Investigar | Gold Mining |
| 36:08 | Crear | Villager (Male) ×5 |
| 36:17 | Construir | Farm |
| 36:17 | Construir | Farm |
| 36:17 | Construir | Farm |
| 36:17 | Construir | Farm |
| 36:56 | Construir | University |
| 37:22 | Crear | Villager (Male) |
| 37:31 | Construir | Monastery |
| 37:45 | Crear | Villager (Male) |
| 37:45 | Crear | Villager (Male) |
| 37:46 | Crear | Villager (Male) |
| 37:46 | Crear | Villager (Male) |
| 37:50 | Crear | Villager (Male) ×5 |
| 37:50 | Crear | Villager (Male) ×5 |
| 37:51 | Crear | Villager (Male) ×5 |
| 37:58 | Crear | Cavalry Archer |
| 38:14 | Construir | Farm |
| 38:28 | Crear | Villager (Male) |
| 38:33 | Investigar | Imperial Age |
| 38:33 | Investigar | Imperial Age |
| 38:37 | Investigar | Imperial Age |
| 39:13 | Crear | Villager (Male) |
| 39:14 | Crear | Villager (Male) |
| 39:20 | Construir | Farm |
| 39:25 | Construir | Farm |
| 39:25 | Construir | Farm |
| 39:34 | Construir | Farm |
| 39:38 | Crear | Villager (Male) ×5 |
Build order — chipmunk840710
Primeras 150 de 319 acciones detectadas
| 0:01 | Crear | Villager (Male) |
| 0:01 | Crear | Villager (Male) |
| 0:03 | Construir | House |
| 0:04 | Construir | House |
| 0:12 | Crear | Villager (Male) |
| 0:12 | Crear | Villager (Male) |
| 0:13 | Crear | Villager (Male) |
| 1:33 | Crear | Villager (Male) |
| 1:34 | Crear | Villager (Male) |
| 1:59 | Construir | Lumber Camp |
| 2:23 | Crear | Villager (Male) |
| 2:23 | Crear | Villager (Male) |
| 2:24 | Crear | Villager (Male) |
| 3:26 | Crear | Villager (Male) |
| 3:26 | Crear | Villager (Male) |
| 3:26 | Crear | Villager (Male) |
| 3:47 | Crear | Villager (Male) |
| 3:47 | Crear | Villager (Male) |
| 4:13 | Crear | Villager (Male) |
| 4:22 | Construir | House |
| 4:24 | Construir | House |
| 4:43 | Construir | Mill |
| 4:54 | Crear | Villager (Male) |
| 4:54 | Crear | Villager (Male) |
| 5:16 | Investigar | Loom |
| 5:49 | Crear | Villager (Male) |
| 5:50 | Crear | Villager (Male) |
| 5:50 | Crear | Villager (Male) |
| 6:08 | Crear | Villager (Male) |
| 6:08 | Crear | Villager (Male) |
| 6:52 | Crear | Villager (Male) |
| 6:52 | Crear | Villager (Male) |
| 7:06 | Construir | House |
| 7:52 | Crear | Villager (Male) |
| 7:52 | Crear | Villager (Male) |
| 7:52 | Crear | Villager (Male) |
| 7:53 | Crear | Villager (Male) |
| 7:53 | Crear | Villager (Male) |
| 8:55 | Construir | Dock |
| 9:06 | Crear | Villager (Male) |
| 9:07 | Crear | Villager (Male) |
| 9:45 | Construir | Mill |
| 10:05 | Construir | Mining Camp |
| 10:07 | Investigar | Feudal Age |
| 10:22 | Crear | Fishing Ship |
| 11:02 | Crear | Villager (Male) |
| 11:03 | Crear | Villager (Male) |
| 11:26 | Construir | Mill |
| 11:38 | Crear | Villager (Male) |
| 12:57 | Edad | Edad Feudal |
| 13:12 | Construir | Market |
| 13:53 | Construir | Blacksmith |
| 13:59 | Crear | Demolition Raft |
| 14:04 | Crear | Villager (Male) |
| 14:08 | Investigar | Double-Bit Axe |
| 14:39 | Investigar | Castle Age |
| 15:01 | Crear | Demolition Raft |
| 15:09 | Crear | Demolition Raft |
| 15:23 | Crear | Fishing Ship |
| 15:33 | Construir | Lumber Camp |
| 16:37 | Crear | Villager (Male) |
| 16:38 | Crear | Villager (Male) |
| 16:40 | Crear | Fishing Ship |
| 16:47 | Construir | House |
| 16:48 | Construir | House |
| 17:19 | Edad | Edad de los Castillos |
| 17:22 | Construir | Town Center |
| 17:27 | Crear | Villager (Male) |
| 17:37 | Construir | Town Center |
| 18:03 | Crear | Villager (Male) |
| 18:05 | Crear | Villager (Male) |
| 18:08 | Construir | Farm |
| 18:10 | Crear | Fishing Ship |
| 18:30 | Crear | Villager (Male) |
| 18:31 | Crear | Villager (Male) |
| 18:33 | Construir | Farm |
| 18:34 | Construir | Farm |
| 18:46 | Investigar | Bow Saw |
| 18:49 | Crear | Villager (Male) |
| 18:49 | Crear | Villager (Male) |
| 18:57 | Construir | Mining Camp |
| 19:10 | Crear | Villager (Male) |
| 19:11 | Crear | Villager (Male) |
| 19:13 | Construir | Farm |
| 19:20 | Crear | Villager (Male) |
| 19:21 | Crear | Villager (Male) |
| 19:21 | Crear | Villager (Male) |
| 19:21 | Crear | Villager (Male) |
| 19:29 | Construir | Monastery |
| 19:36 | Construir | Monastery |
| 19:41 | Crear | Villager (Male) |
| 19:42 | Crear | Villager (Male) |
| 19:51 | Crear | Villager (Male) |
| 19:54 | Construir | Farm |
| 19:56 | Construir | Farm |
| 19:57 | Construir | Farm |
| 20:01 | Crear | Villager (Male) |
| 20:08 | Construir | Farm |
| 20:09 | Construir | Farm |
| 20:09 | Construir | Farm |
| 20:36 | Crear | Villager (Male) |
| 20:55 | Crear | Villager (Male) |
| 20:55 | Crear | Villager (Male) |
| 20:59 | Construir | Farm |
| 21:00 | Construir | Farm |
| 21:05 | Construir | Farm |
| 21:07 | Construir | Farm |
| 21:09 | Construir | Farm |
| 21:16 | Construir | Farm |
| 21:19 | Crear | Villager (Male) |
| 21:21 | Crear | Villager (Male) |
| 21:32 | Construir | Farm |
| 21:33 | Construir | Farm |
| 21:34 | Construir | Farm |
| 21:36 | Construir | Farm |
| 21:37 | Construir | Farm |
| 21:38 | Construir | Farm |
| 21:43 | Crear | Villager (Male) |
| 21:44 | Crear | Villager (Male) |
| 21:50 | Construir | Fish Trap |
| 21:53 | Construir | Fish Trap |
| 21:56 | Construir | House |
| 22:22 | Crear | Villager (Male) |
| 22:23 | Crear | Villager (Male) |
| 22:24 | Crear | Villager (Male) |
| 22:31 | Construir | House |
| 22:32 | Construir | House |
| 22:36 | Crear | Villager (Male) |
| 22:36 | Crear | Villager (Male) |
| 22:36 | Crear | Villager (Male) |
| 23:08 | Construir | Stone Wall |
| 23:16 | Construir | Barracks |
| 23:19 | Crear | Villager (Male) |
| 23:20 | Crear | Villager (Male) |
| 23:20 | Crear | Villager (Male) |
| 23:20 | Crear | Villager (Male) |
| 23:21 | Crear | Villager (Male) |
| 23:21 | Crear | Villager (Male) |
| 23:21 | Crear | Villager (Male) |
| 23:33 | Construir | House |
| 23:34 | Construir | House |
| 23:36 | Construir | House |
| 23:49 | Construir | Farm |
| 23:50 | Construir | Farm |
| 23:53 | Crear | Spearman |
| 24:09 | Construir | Building 665 |
| 24:15 | Construir | Stone Wall |
| 24:29 | Crear | Villager (Male) |
| 24:29 | Crear | Villager (Male) |
| 24:30 | Crear | Villager (Male) |
Build order — Artistrong
Primeras 150 de 229 acciones detectadas
| 0:13 | Construir | House |
| 0:16 | Crear | Villager (Male) ×4 |
| 0:26 | Investigar | Loom |
| 0:27 | Crear | Villager (Male) |
| 0:27 | Crear | Villager (Male) |
| 0:35 | Construir | House |
| 0:36 | Construir | House |
| 0:38 | Construir | House |
| 1:51 | Construir | Palisade Wall |
| 2:36 | Construir | Palisade Wall |
| 2:54 | Crear | Villager (Male) |
| 2:55 | Crear | Villager (Male) |
| 2:55 | Crear | Villager (Male) |
| 3:23 | Construir | Lumber Camp |
| 3:41 | Construir | Palisade Wall |
| 3:59 | Construir | Palisade Wall |
| 4:03 | Crear | Villager (Male) |
| 4:45 | Construir | Outpost |
| 5:28 | Crear | Villager (Male) |
| 5:29 | Crear | Villager (Male) |
| 5:29 | Crear | Villager (Male) |
| 5:33 | Construir | Mining Camp |
| 6:22 | Crear | Villager (Male) |
| 6:22 | Crear | Villager (Male) |
| 6:22 | Crear | Villager (Male) |
| 7:20 | Construir | Palisade Wall |
| 8:01 | Crear | Villager (Male) |
| 8:27 | Construir | Palisade Wall |
| 8:34 | Construir | Mill |
| 8:36 | Crear | Villager (Male) |
| 8:37 | Crear | Villager (Male) |
| 8:37 | Crear | Villager (Male) |
| 9:01 | Construir | Palisade Wall |
| 9:36 | Crear | Villager (Male) |
| 9:37 | Crear | Villager (Male) |
| 9:52 | Construir | House |
| 9:53 | Construir | House |
| 10:29 | Construir | Palisade Wall |
| 10:50 | Crear | Villager (Male) |
| 11:13 | Construir | Outpost |
| 11:41 | Construir | Mining Camp |
| 11:46 | Crear | Villager (Male) |
| 12:06 | Construir | Farm |
| 12:06 | Construir | Farm |
| 12:07 | Construir | Farm |
| 12:07 | Construir | Farm |
| 12:07 | Construir | Farm |
| 12:07 | Construir | Farm |
| 12:08 | Construir | Farm |
| 12:44 | Crear | Villager (Male) |
| 13:21 | Investigar | Feudal Age |
| 14:12 | Crear | Villager (Male) |
| 14:12 | Crear | Villager (Male) |
| 14:13 | Crear | Villager (Male) |
| 15:31 | Edad | Edad Feudal |
| 15:44 | Construir | Stone Wall |
| 15:52 | Construir | Stone Wall |
| 16:00 | Construir | Farm |
| 16:00 | Construir | Farm |
| 16:02 | Investigar | Horse Collar |
| 16:05 | Investigar | Double-Bit Axe |
| 16:09 | Construir | Blacksmith |
| 16:14 | Construir | Market |
| 16:47 | Construir | Stone Wall |
| 17:23 | Construir | Stone Wall |
| 17:25 | Construir | Stone Wall |
| 17:39 | Crear | Villager (Male) |
| 18:17 | Construir | Outpost |
| 18:42 | Construir | Stone Wall |
| 18:55 | Construir | Stone Wall |
| 19:03 | Investigar | Castle Age |
| 19:24 | Construir | Barracks |
| 19:29 | Crear | Villager (Male) |
| 19:29 | Crear | Villager (Male) |
| 19:29 | Crear | Villager (Male) |
| 19:29 | Crear | Villager (Male) |
| 19:36 | Investigar | Wheelbarrow |
| 19:38 | Crear | Villager (Male) |
| 19:48 | Construir | Farm |
| 19:49 | Construir | Farm |
| 19:49 | Construir | Farm |
| 20:01 | Construir | Lumber Camp |
| 20:22 | Investigar | Gold Mining |
| 20:48 | Construir | House |
| 20:50 | Construir | House |
| 20:51 | Construir | House |
| 20:55 | Construir | House |
| 20:56 | Construir | House |
| 20:58 | Construir | House |
| 21:43 | Edad | Edad de los Castillos |
| 22:07 | Crear | Villager (Male) |
| 22:08 | Crear | Villager (Male) |
| 23:32 | Construir | Town Center |
| 23:52 | Crear | Villager (Male) |
| 23:53 | Crear | Villager (Male) |
| 23:55 | Crear | Villager (Male) |
| 24:39 | Crear | Villager (Male) |
| 24:40 | Crear | Villager (Male) |
| 24:40 | Crear | Villager (Male) |
| 24:40 | Crear | Villager (Male) |
| 24:41 | Crear | Villager (Male) |
| 24:59 | Construir | Stone Wall |
| 25:15 | Construir | Stone Wall |
| 25:26 | Crear | Villager (Male) |
| 25:28 | Crear | Villager (Male) |
| 25:31 | Crear | Villager (Male) |
| 25:35 | Construir | Town Center |
| 25:45 | Construir | House |
| 25:47 | Construir | House |
| 25:49 | Construir | House |
| 25:50 | Construir | House |
| 25:51 | Construir | House |
| 25:52 | Construir | House |
| 26:54 | Construir | Siege Workshop |
| 27:41 | Construir | Archery Range |
| 27:44 | Construir | Archery Range |
| 28:02 | Crear | Villager (Male) ×5 |
| 28:02 | Crear | Villager (Male) ×5 |
| 28:03 | Crear | Villager (Male) ×5 |
| 28:19 | Construir | Monastery |
| 28:52 | Crear | Spearman ×5 |
| 28:53 | Crear | Spearman ×5 |
| 29:50 | Crear | Scorpion ×5 |
| 29:54 | Investigar | Pikeman (upgrade) |
| 29:55 | Investigar | Squires |
| 30:02 | Construir | Mining Camp |
| 30:07 | Crear | Monk |
| 30:44 | Construir | Town Center |
| 30:50 | Investigar | Hand Cart |
| 31:24 | Construir | Mining Camp |
| 31:30 | Construir | Barracks |
| 31:32 | Construir | Barracks |
| 31:33 | Construir | Barracks |
| 32:25 | Construir | Stable |
| 32:31 | Investigar | Pikeman (upgrade) |
| 32:41 | Crear | Spearman ×5 |
| 32:45 | Crear | Villager (Male) ×5 |
| 32:54 | Crear | Villager (Male) ×5 |
| 33:23 | Construir | Castle |
| 33:47 | Investigar | Man-at-Arms (upgrade) |
| 33:53 | Construir | House |
| 33:54 | Construir | House |
| 33:56 | Construir | House |
| 33:59 | Construir | House |
| 34:00 | Construir | House |
| 34:02 | Construir | House |
| 34:04 | Construir | House |
| 34:48 | Construir | Town Center |
| 35:00 | Crear | Centurion |
| 35:01 | Crear | Centurion |
Build order — 潘森
Primeras 150 de 356 acciones detectadas
| 0:01 | Crear | Villager (Male) |
| 0:02 | Crear | Villager (Male) |
| 0:02 | Crear | Villager (Male) |
| 0:02 | Crear | Villager (Male) |
| 0:04 | Construir | House |
| 0:09 | Construir | House |
| 1:28 | Crear | Villager (Male) |
| 1:29 | Crear | Villager (Male) |
| 1:51 | Construir | Lumber Camp |
| 2:05 | Crear | Villager (Male) |
| 2:05 | Crear | Villager (Male) |
| 2:32 | Crear | Villager (Male) |
| 2:32 | Crear | Villager (Male) |
| 2:52 | Crear | Villager (Male) |
| 2:52 | Crear | Villager (Male) |
| 3:17 | Crear | Villager (Male) |
| 3:17 | Crear | Villager (Male) |
| 3:29 | Construir | House |
| 3:50 | Crear | Villager (Male) |
| 3:50 | Crear | Villager (Male) |
| 4:08 | Crear | Villager (Male) |
| 4:08 | Crear | Villager (Male) |
| 4:28 | Crear | Villager (Male) |
| 4:28 | Crear | Villager (Male) |
| 4:53 | Construir | Dock |
| 4:56 | Construir | House |
| 5:07 | Crear | Villager (Male) |
| 5:07 | Crear | Villager (Male) |
| 5:07 | Crear | Villager (Male) |
| 5:08 | Crear | Villager (Male) |
| 5:44 | Crear | Fishing Ship |
| 5:45 | Crear | Fishing Ship |
| 6:18 | Crear | Villager (Male) |
| 6:18 | Crear | Villager (Male) |
| 6:18 | Crear | Villager (Male) |
| 6:21 | Crear | Fishing Ship |
| 7:00 | Construir | House |
| 7:02 | Construir | House |
| 7:14 | Crear | Fishing Ship |
| 7:17 | Construir | House |
| 7:32 | Crear | Villager (Male) |
| 7:55 | Crear | Villager (Male) |
| 7:55 | Crear | Fishing Ship |
| 8:24 | Construir | Mill |
| 8:26 | Crear | Villager (Male) |
| 8:36 | Crear | Villager (Male) |
| 8:41 | Crear | Fishing Ship |
| 9:00 | Crear | Villager (Male) |
| 9:01 | Crear | Fishing Ship |
| 9:24 | Construir | House |
| 9:26 | Construir | House |
| 9:39 | Investigar | Feudal Age |
| 9:54 | Construir | Mill |
| 10:25 | Construir | Mining Camp |
| 11:46 | Crear | Villager (Male) |
| 11:46 | Crear | Villager (Male) |
| 11:52 | Edad | Edad Feudal |
| 11:58 | Construir | Market |
| 12:01 | Construir | Blacksmith |
| 12:55 | Construir | Lumber Camp |
| 12:59 | Investigar | Loom |
| 13:23 | Construir | Fish Trap |
| 13:36 | Investigar | Castle Age |
| 13:47 | Construir | Fish Trap |
| 13:58 | Construir | Fish Trap |
| 14:11 | Construir | Fish Trap |
| 14:21 | Investigar | Double-Bit Axe |
| 14:38 | Construir | Fish Trap |
| 14:53 | Construir | Fish Trap |
| 15:18 | Construir | Lumber Camp |
| 15:38 | Investigar | Tech 906 |
| 16:13 | Crear | Villager (Male) |
| 16:14 | Crear | Villager (Male) |
| 16:16 | Edad | Edad de los Castillos |
| 16:28 | Construir | Town Center |
| 16:42 | Investigar | Bow Saw |
| 16:47 | Investigar | Gillnets |
| 16:51 | Crear | Villager (Male) |
| 17:07 | Crear | Villager (Male) |
| 17:21 | Construir | Town Center |
| 17:29 | Investigar | Horse Collar |
| 17:34 | Crear | Villager (Male) |
| 17:58 | Investigar | Heavy Plow |
| 18:05 | Crear | Fishing Ship |
| 18:20 | Crear | Villager (Male) |
| 18:20 | Crear | Villager (Male) |
| 18:31 | Crear | Villager (Male) |
| 18:31 | Crear | Villager (Male) |
| 18:38 | Construir | Farm |
| 18:38 | Construir | Farm |
| 18:39 | Construir | Farm |
| 18:39 | Construir | Farm |
| 18:48 | Construir | Farm |
| 18:48 | Construir | Farm |
| 18:49 | Construir | Farm |
| 18:49 | Construir | Farm |
| 18:49 | Construir | Farm |
| 18:50 | Construir | Farm |
| 18:55 | Crear | Villager (Male) ×4 |
| 19:04 | Construir | Fish Trap |
| 19:18 | Crear | Villager (Male) |
| 19:19 | Crear | Villager (Male) |
| 19:40 | Construir | Town Center |
| 19:47 | Crear | Villager (Male) |
| 19:47 | Crear | Villager (Male) |
| 19:47 | Crear | Villager (Male) |
| 19:48 | Crear | Villager (Male) |
| 19:56 | Crear | Fishing Ship |
| 19:56 | Crear | Fishing Ship |
| 19:57 | Crear | Fishing Ship |
| 20:10 | Construir | House |
| 20:11 | Construir | House |
| 20:13 | Construir | House |
| 20:16 | Construir | House |
| 20:17 | Construir | House |
| 20:20 | Investigar | Wheelbarrow |
| 20:34 | Construir | Farm |
| 20:37 | Crear | Villager (Male) ×3 |
| 20:37 | Crear | Villager (Male) ×3 |
| 20:37 | Crear | Villager (Male) ×3 |
| 20:48 | Construir | Fish Trap |
| 20:53 | Crear | Villager (Male) ×2 |
| 21:06 | Construir | Farm |
| 21:06 | Construir | Farm |
| 21:07 | Construir | Farm |
| 21:07 | Construir | Farm |
| 21:07 | Construir | Farm |
| 21:11 | Construir | Farm |
| 21:12 | Construir | Farm |
| 21:12 | Construir | Farm |
| 21:12 | Construir | Farm |
| 21:12 | Construir | Farm |
| 21:17 | Crear | Villager (Male) ×4 |
| 21:23 | Construir | Fish Trap |
| 21:34 | Construir | Monastery |
| 21:40 | Crear | Villager (Male) ×2 |
| 21:55 | Crear | Villager (Male) ×2 |
| 22:00 | Construir | Fish Trap |
| 22:09 | Investigar | Gold Mining |
| 22:16 | Crear | Villager (Male) ×2 |
| 22:20 | Crear | Villager (Male) |
| 22:26 | Crear | Monk |
| 22:30 | Crear | Villager (Male) ×2 |
| 22:35 | Construir | Farm |
| 22:35 | Construir | Farm |
| 22:35 | Construir | Farm |
| 22:35 | Construir | Farm |
| 22:36 | Construir | Farm |
| 22:38 | Construir | Farm |
| 22:38 | Construir | Farm |
Build order — M4A1
Primeras 150 de 397 acciones detectadas
| 0:02 | Crear | Villager (Male) |
| 0:02 | Crear | Villager (Male) |
| 0:02 | Crear | Villager (Male) |
| 0:02 | Crear | Villager (Male) |
| 0:06 | Construir | House |
| 0:21 | Construir | House |
| 0:39 | Construir | Palisade Wall |
| 1:13 | Investigar | Loom |
| 1:20 | Crear | Villager (Male) |
| 1:20 | Crear | Villager (Male) |
| 1:43 | Crear | Villager (Male) |
| 1:43 | Crear | Villager (Male) |
| 1:43 | Crear | Villager (Male) |
| 2:02 | Construir | Palisade Wall |
| 2:48 | Crear | Villager (Male) |
| 2:48 | Crear | Villager (Male) |
| 2:48 | Crear | Villager (Male) |
| 2:48 | Crear | Villager (Male) |
| 3:15 | Crear | Villager (Male) |
| 3:15 | Crear | Villager (Male) |
| 3:56 | Crear | Villager (Male) |
| 3:56 | Crear | Villager (Male) |
| 3:56 | Crear | Villager (Male) |
| 4:14 | Crear | Villager (Male) |
| 4:14 | Crear | Villager (Male) |
| 4:38 | Construir | House |
| 4:45 | Construir | Lumber Camp |
| 4:50 | Crear | Villager (Male) |
| 4:50 | Crear | Villager (Male) |
| 5:00 | Construir | House |
| 5:40 | Crear | Villager (Male) |
| 5:40 | Crear | Villager (Male) |
| 5:41 | Crear | Villager (Male) |
| 6:19 | Crear | Villager (Male) |
| 6:20 | Crear | Villager (Male) |
| 6:56 | Crear | Villager (Male) |
| 6:57 | Crear | Villager (Male) |
| 6:57 | Crear | Villager (Male) |
| 6:57 | Crear | Villager (Male) |
| 7:25 | Crear | Villager (Male) |
| 8:14 | Construir | Mill |
| 8:37 | Crear | Villager (Male) |
| 9:02 | Crear | Villager (Male) |
| 9:19 | Construir | House |
| 9:27 | Crear | Villager (Male) |
| 9:27 | Crear | Villager (Male) |
| 9:31 | Investigar | Feudal Age |
| 9:31 | Investigar | Feudal Age |
| 9:40 | Construir | House |
| 10:30 | Construir | House |
| 10:34 | Construir | House |
| 11:36 | Crear | Villager (Male) |
| 11:36 | Crear | Villager (Male) |
| 11:41 | Edad | Edad Feudal |
| 11:47 | Construir | Market |
| 11:54 | Construir | Blacksmith |
| 12:13 | Construir | Mining Camp |
| 12:22 | Investigar | Horse Collar |
| 12:51 | Investigar | Castle Age |
| 13:00 | Investigar | Double-Bit Axe |
| 13:00 | Investigar | Double-Bit Axe |
| 13:23 | Construir | Stone Wall |
| 13:28 | Construir | Stone Wall |
| 14:49 | Construir | Barracks |
| 14:52 | Crear | Villager (Male) |
| 15:12 | Crear | Villager (Male) |
| 15:22 | Construir | Stone Wall |
| 15:31 | Edad | Edad de los Castillos |
| 15:38 | Investigar | Man-at-Arms (upgrade) |
| 15:41 | Crear | Militia |
| 15:42 | Crear | Militia |
| 16:04 | Construir | Stable |
| 16:11 | Construir | Building 673 |
| 16:14 | Crear | Villager (Male) |
| 16:14 | Crear | Villager (Male) |
| 16:23 | Construir | Farm |
| 16:27 | Investigar | Horse Collar |
| 16:27 | Investigar | Horse Collar |
| 16:33 | Construir | Farm |
| 16:34 | Construir | Farm |
| 16:35 | Construir | Farm |
| 16:37 | Construir | Farm |
| 16:47 | Construir | Farm |
| 16:50 | Construir | Farm |
| 16:51 | Construir | Farm |
| 16:57 | Crear | Villager (Male) |
| 17:26 | Construir | Farm |
| 17:34 | Construir | Mining Camp |
| 17:52 | Construir | Farm |
| 17:53 | Construir | Farm |
| 17:54 | Construir | Farm |
| 17:55 | Construir | Farm |
| 17:58 | Crear | Villager (Male) |
| 17:58 | Crear | Villager (Male) |
| 18:08 | Construir | House |
| 18:11 | Construir | House |
| 18:12 | Construir | House |
| 18:35 | Crear | Villager (Male) |
| 18:36 | Crear | Villager (Male) |
| 19:04 | Construir | Town Center |
| 19:14 | Crear | Villager (Male) |
| 19:14 | Crear | Villager (Male) |
| 19:18 | Construir | Farm |
| 19:19 | Construir | Farm |
| 20:04 | Crear | Villager (Male) |
| 20:09 | Construir | Farm |
| 20:11 | Construir | Farm |
| 20:20 | Crear | Villager (Male) |
| 20:21 | Crear | Villager (Male) |
| 20:21 | Crear | Villager (Male) |
| 20:38 | Crear | Villager (Male) |
| 20:38 | Crear | Villager (Male) |
| 20:38 | Crear | Villager (Male) |
| 20:48 | Construir | Town Center |
| 20:56 | Construir | Farm |
| 20:59 | Construir | Farm |
| 21:24 | Crear | Villager (Male) |
| 21:24 | Crear | Villager (Male) |
| 21:25 | Crear | Villager (Male) |
| 21:30 | Construir | Farm |
| 21:30 | Construir | Farm |
| 21:30 | Construir | Farm |
| 21:30 | Construir | Farm |
| 21:30 | Construir | Farm |
| 21:30 | Construir | Farm |
| 21:31 | Construir | Farm |
| 21:34 | Crear | Villager (Male) |
| 21:34 | Crear | Villager (Male) |
| 21:49 | Crear | Villager (Male) |
| 21:49 | Crear | Villager (Male) |
| 21:58 | Crear | Villager (Male) |
| 21:58 | Crear | Villager (Male) |
| 22:32 | Construir | Farm |
| 22:32 | Construir | Farm |
| 22:32 | Construir | Farm |
| 22:32 | Construir | Farm |
| 22:32 | Construir | Farm |
| 22:35 | Crear | Villager (Male) |
| 22:35 | Crear | Villager (Male) |
| 22:57 | Crear | Villager (Male) |
| 22:58 | Crear | Villager (Male) |
| 23:04 | Construir | Farm |
| 23:05 | Construir | Farm |
| 23:05 | Construir | Farm |
| 23:10 | Crear | Villager (Male) |
| 23:10 | Crear | Villager (Male) |
| 23:28 | Investigar | Stone Mining |
| 23:43 | Crear | Villager (Male) |
| 23:44 | Crear | Villager (Male) |
| 23:44 | Crear | Villager (Male) |
Build order — AdKa
Primeras 150 de 294 acciones detectadas
| 0:03 | Construir | House |
| 0:09 | Investigar | Loom |
| 0:09 | Crear | Villager (Male) |
| 0:10 | Crear | Villager (Male) |
| 0:10 | Crear | Villager (Male) |
| 0:27 | Construir | Palisade Wall |
| 0:35 | Construir | Palisade Wall |
| 0:42 | Crear | Villager (Male) |
| 0:53 | Construir | Palisade Wall |
| 1:35 | Crear | Villager (Male) |
| 2:55 | Crear | Villager (Male) |
| 3:31 | Crear | Villager (Male) |
| 4:16 | Crear | Villager (Male) |
| 4:16 | Crear | Villager (Male) |
| 4:22 | Construir | Palisade Wall |
| 4:27 | Construir | Palisade Wall |
| 4:33 | Construir | Palisade Wall |
| 4:40 | Construir | Palisade Wall |
| 4:41 | Crear | Villager (Male) |
| 4:47 | Construir | House |
| 4:58 | Construir | Palisade Wall |
| 5:02 | Construir | Palisade Wall |
| 5:27 | Construir | Palisade Wall |
| 5:28 | Crear | Villager (Male) |
| 5:45 | Crear | Villager (Male) |
| 6:16 | Construir | Palisade Wall |
| 6:21 | Crear | Villager (Male) |
| 6:21 | Crear | Villager (Male) |
| 6:34 | Construir | Palisade Wall |
| 6:55 | Construir | Palisade Wall |
| 6:57 | Construir | Palisade Wall |
| 7:13 | Construir | House |
| 7:17 | Crear | Villager (Male) |
| 7:18 | Crear | Villager (Male) |
| 7:34 | Construir | Palisade Wall |
| 7:53 | Crear | Villager (Male) |
| 8:05 | Construir | Palisade Wall |
| 8:06 | Construir | Palisade Wall |
| 8:53 | Construir | Palisade Wall |
| 9:03 | Construir | Palisade Wall |
| 9:11 | Crear | Villager (Male) |
| 9:11 | Crear | Villager (Male) |
| 9:11 | Crear | Villager (Male) |
| 10:14 | Crear | Villager (Male) |
| 10:14 | Crear | Villager (Male) |
| 10:14 | Crear | Villager (Male) |
| 11:41 | Construir | House |
| 11:51 | Construir | Lumber Camp |
| 12:08 | Crear | Villager (Male) |
| 12:47 | Crear | Villager (Male) |
| 12:48 | Crear | Villager (Male) |
| 12:48 | Crear | Villager (Male) |
| 13:17 | Construir | Mill |
| 13:32 | Crear | Villager (Male) |
| 14:31 | Crear | Villager (Male) |
| 14:48 | Construir | Mill |
| 15:16 | Investigar | Feudal Age |
| 15:23 | Construir | Mining Camp |
| 15:55 | Construir | Palisade Gate |
| 16:15 | Construir | Palisade Gate |
| 16:23 | Construir | Palisade Gate |
| 16:30 | Construir | Palisade Wall |
| 16:32 | Crear | Villager (Male) |
| 16:32 | Crear | Villager (Male) |
| 16:47 | Construir | Palisade Wall |
| 17:20 | Edad | Edad Feudal |
| 17:23 | Crear | Villager (Male) |
| 17:23 | Crear | Villager (Male) |
| 17:59 | Construir | Palisade Wall |
| 18:00 | Construir | Palisade Wall |
| 18:08 | Construir | Watch Tower |
| 18:19 | Construir | Palisade Wall |
| 18:30 | Construir | Palisade Wall |
| 18:36 | Crear | Villager (Male) |
| 18:38 | Construir | House |
| 18:58 | Construir | Palisade Wall |
| 19:08 | Crear | Villager (Male) |
| 19:08 | Crear | Villager (Male) |
| 19:45 | Construir | Farm |
| 19:46 | Crear | Villager (Male) |
| 20:08 | Construir | Blacksmith |
| 20:36 | Construir | Palisade Wall |
| 20:48 | Construir | Palisade Wall |
| 20:50 | Crear | Villager (Male) |
| 20:54 | Construir | House |
| 20:56 | Construir | House |
| 21:16 | Construir | Farm |
| 21:30 | Construir | Barracks |
| 22:19 | Construir | Palisade Wall |
| 22:20 | Crear | Villager (Male) |
| 22:20 | Crear | Villager (Male) |
| 22:44 | Construir | Archery Range |
| 23:02 | Crear | Villager (Male) |
| 23:02 | Crear | Villager (Male) |
| 23:07 | Construir | Lumber Camp |
| 23:22 | Investigar | Double-Bit Axe |
| 23:32 | Construir | Palisade Wall |
| 23:44 | Construir | Farm |
| 23:55 | Construir | Farm |
| 23:56 | Investigar | Wheelbarrow |
| 23:57 | Crear | Villager (Male) |
| 23:58 | Crear | Villager (Male) |
| 24:08 | Construir | Farm |
| 24:12 | Construir | Farm |
| 24:27 | Construir | Farm |
| 24:28 | Construir | Farm |
| 25:00 | Construir | Palisade Wall |
| 25:08 | Construir | Palisade Wall |
| 25:22 | Crear | Villager (Male) |
| 25:23 | Crear | Villager (Male) |
| 25:48 | Construir | Stable |
| 25:56 | Construir | Stable |
| 25:56 | Crear | Villager (Male) |
| 25:57 | Crear | Villager (Male) |
| 26:02 | Crear | Spearman |
| 26:03 | Crear | Spearman |
| 26:31 | Construir | Palisade Wall |
| 26:32 | Construir | Palisade Wall |
| 26:51 | Construir | Palisade Wall |
| 26:52 | Construir | Palisade Wall |
| 26:53 | Construir | Palisade Wall |
| 27:15 | Crear | Villager (Male) |
| 27:16 | Crear | Villager (Male) |
| 27:20 | Construir | Palisade Wall |
| 27:51 | Crear | Spearman |
| 27:51 | Crear | Spearman |
| 28:13 | Construir | Farm |
| 28:15 | Construir | Farm |
| 28:17 | Construir | Farm |
| 28:28 | Crear | Villager (Male) |
| 28:29 | Crear | Villager (Male) |
| 28:36 | Crear | Spearman |
| 28:41 | Construir | Palisade Gate |
| 28:45 | Construir | Palisade Gate |
| 28:47 | Construir | Palisade Gate |
| 28:49 | Construir | Palisade Wall |
| 28:51 | Construir | Palisade Wall |
| 28:54 | Construir | Palisade Wall |
| 29:01 | Crear | Villager (Male) |
| 29:01 | Crear | Villager (Male) |
| 29:21 | Crear | Spearman |
| 30:02 | Construir | House |
| 30:07 | Investigar | Town Watch |
| 30:28 | Construir | Farm |
| 30:29 | Construir | Farm |
| 30:34 | Construir | House |
| 30:43 | Crear | Villager (Male) |
| 30:44 | Crear | Villager (Male) |
| 30:44 | Crear | Villager (Male) |
| 31:12 | Construir | Farm |
Cronología de la partida
| 0:22 | Traumanomics · wall_segment Palisade Wall x14 |
| 0:27 | AdKa · wall_segment Palisade Wall x7 |
| 0:35 | AdKa · wall_segment Palisade Wall x14 |
| 0:39 | M4A1 · wall_segment Palisade Wall x7 |
| 0:53 | AdKa · wall_segment Palisade Wall x6 |
| 1:51 | Artistrong · wall_segment Palisade Wall x15 |
| 2:02 | M4A1 · wall_segment Palisade Wall x6 |
| 2:36 | Artistrong · wall_segment Palisade Wall x7 |
| 3:41 | Artistrong · wall_segment Palisade Wall x8 |
| 3:59 | Artistrong · wall_segment Palisade Wall x1 |
| 4:22 | AdKa · wall_segment Palisade Wall x1 |
| 4:27 | AdKa · wall_segment Palisade Wall x1 |
| 4:33 | AdKa · wall_segment Palisade Wall x1 |
| 4:40 | AdKa · wall_segment Palisade Wall x1 |
| 4:53 | 潘森 · first_building Dock |
| 4:58 | AdKa · wall_segment Palisade Wall x2 |
| 5:02 | AdKa · wall_segment Palisade Wall x4 |
| 5:11 | 阿哲哲阿 · first_building Dock |
| 5:27 | AdKa · wall_segment Palisade Wall x7 |
| 6:16 | AdKa · wall_segment Palisade Wall x1 |
| 6:34 | AdKa · wall_segment Palisade Wall x1 |
| 6:55 | AdKa · wall_segment Palisade Wall x5 |
| 6:57 | AdKa · wall_segment Palisade Wall x1 |
| 7:20 | Artistrong · wall_segment Palisade Wall x5 |
| 7:34 | AdKa · wall_segment Palisade Wall x9 |
| 8:05 | AdKa · wall_segment Palisade Wall x1 |
| 8:06 | AdKa · wall_segment Palisade Wall x1 |
| 8:27 | Artistrong · wall_segment Palisade Wall x1 |
| 8:53 | AdKa · wall_segment Palisade Wall x1 |
| 8:55 | chipmunk840710 · first_building Dock |
| 9:01 | Artistrong · wall_segment Palisade Wall x9 |
| 9:03 | AdKa · wall_segment Palisade Wall x1 |
| 10:29 | Artistrong · wall_segment Palisade Wall x4 |
| 11:03 | ferris110443 · wall_segment Palisade Wall x10 |
| 11:41 | M4A1 · age_up feudal |
| 11:52 | 潘森 · age_up feudal |
| 12:23 | 阿哲哲阿 · age_up feudal |
| 12:44 | M4A1 · first_market_sell 100 wood |
| 12:57 | chipmunk840710 · age_up feudal |
| 13:23 | M4A1 · wall_segment Stone Wall x5 |
| 13:28 | M4A1 · wall_segment Stone Wall x1 |
| 14:01 | ferris110443 · first_building Dock |
| 14:24 | Traumanomics · age_up feudal |
| 14:49 | M4A1 · first_building Barracks |
| 15:22 | M4A1 · wall_segment Stone Wall x7 |
| 15:26 | Traumanomics · wall_segment Stone Wall x14 |
| 15:31 | Artistrong · age_up feudal |
| 15:31 | M4A1 · age_up castle |
| 15:44 | Artistrong · wall_segment Stone Wall x9 |
| 15:52 | Artistrong · wall_segment Stone Wall x7 |
| 16:04 | M4A1 · first_building Stable |
| 16:16 | 潘森 · age_up castle |
| 16:30 | AdKa · wall_segment Palisade Wall x1 |
| 16:47 | Artistrong · wall_segment Stone Wall x3 |
| 16:47 | AdKa · wall_segment Palisade Wall x6 |
| 17:19 | chipmunk840710 · age_up castle |
| 17:20 | AdKa · age_up feudal |
| 17:20 | 阿哲哲阿 · age_up castle |
| 17:23 | Artistrong · wall_segment Stone Wall x5 |
| 17:25 | Artistrong · wall_segment Stone Wall x1 |
| 17:50 | 潘森 · first_market_buy 100 stone |
| 17:54 | 阿哲哲阿 · first_building Barracks |
| 17:59 | AdKa · wall_segment Palisade Wall x1 |
| 18:00 | AdKa · wall_segment Palisade Wall x1 |
| 18:19 | AdKa · wall_segment Palisade Wall x1 |
| 18:30 | AdKa · wall_segment Palisade Wall x1 |
| 18:31 | Traumanomics · age_up castle |
| 18:42 | Artistrong · wall_segment Stone Wall x1 |
| 18:55 | Artistrong · wall_segment Stone Wall x6 |
| 18:58 | AdKa · wall_segment Palisade Wall x3 |
| 19:24 | Artistrong · first_building Barracks |
| 19:29 | chipmunk840710 · first_building Monastery |
| 19:46 | ferris110443 · age_up feudal |
| 19:47 | Traumanomics · first_building Monastery |
| 19:59 | Traumanomics · first_building Siege Workshop |
| 20:04 | ferris110443 · first_building Barracks |
| 20:34 | 阿哲哲阿 · first_building Siege Workshop |
| 20:36 | AdKa · wall_segment Palisade Wall x1 |
| 20:48 | AdKa · wall_segment Palisade Wall x1 |
| 21:07 | ferris110443 · first_building Stable |
| 21:26 | Traumanomics · first_market_sell 100 stone |
| 21:30 | AdKa · first_building Barracks |
| 21:34 | 潘森 · first_building Monastery |
| 21:43 | Artistrong · age_up castle |
| 22:02 | Traumanomics · first_building Barracks |
| 22:19 | AdKa · wall_segment Palisade Wall x1 |
| 22:44 | AdKa · first_building Archery Range |
| 23:03 | Traumanomics · first_building Archery Range |
| 23:04 | 阿哲哲阿 · first_building Stable |
| 23:08 | chipmunk840710 · wall_segment Stone Wall x9 |
| 23:16 | chipmunk840710 · first_building Barracks |
| 23:32 | AdKa · wall_segment Palisade Wall x4 |
| 24:15 | chipmunk840710 · wall_segment Stone Wall x3 |
| 24:38 | Traumanomics · age_up imperial |
| 24:59 | Artistrong · wall_segment Stone Wall x9 |
| 25:00 | AdKa · wall_segment Palisade Wall x1 |
| 25:08 | AdKa · wall_segment Palisade Wall x1 |
| 25:15 | Artistrong · wall_segment Stone Wall x11 |
| 25:43 | chipmunk840710 · wall_segment Stone Wall x9 |
| 25:48 | AdKa · first_building Stable |
| 26:30 | 潘森 · wall_segment Stone Wall x12 |
| 26:31 | AdKa · wall_segment Palisade Wall x1 |
| 26:32 | AdKa · wall_segment Palisade Wall x1 |
| 26:51 | AdKa · wall_segment Palisade Wall x1 |
| 26:52 | AdKa · wall_segment Palisade Wall x1 |
| 26:53 | AdKa · wall_segment Palisade Wall x1 |
| 26:54 | Artistrong · first_building Siege Workshop |
| 27:09 | 潘森 · wall_segment Stone Wall x12 |
| 27:20 | chipmunk840710 · first_building Castle |
| 27:20 | AdKa · wall_segment Palisade Wall x3 |
| 27:31 | 潘森 · first_building Barracks |
| 27:37 | 阿哲哲阿 · first_building Monastery |
| 27:41 | Artistrong · first_building Archery Range |
| 27:45 | M4A1 · first_building Castle |
| 28:19 | Artistrong · first_building Monastery |
| 28:46 | M4A1 · first_building Monastery |
| 28:49 | AdKa · wall_segment Palisade Wall x1 |
| 28:51 | AdKa · wall_segment Palisade Wall x1 |
| 28:54 | AdKa · wall_segment Palisade Wall x1 |
| 29:08 | chipmunk840710 · wall_segment Stone Wall x4 |
| 29:13 | chipmunk840710 · wall_segment Stone Wall x4 |
| 29:51 | 阿哲哲阿 · first_building Archery Range |
| 30:06 | 潘森 · first_building Castle |
| 30:33 | chipmunk840710 · age_up imperial |
| 30:40 | chipmunk840710 · first_building Siege Workshop |
| 31:56 | M4A1 · first_building Siege Workshop |
| 31:58 | 阿哲哲阿 · age_up imperial |
| 32:02 | ferris110443 · wall_segment Stone Wall x11 |
| 32:25 | Artistrong · first_building Stable |
| 32:39 | AdKa · wall_segment Palisade Wall x1 |
| 32:43 | ferris110443 · age_up castle |
| 32:53 | 潘森 · wall_segment Stone Wall x14 |
| 32:58 | 潘森 · wall_segment Stone Wall x13 |
| 33:00 | 潘森 · wall_segment Stone Wall x16 |
| 33:05 | 阿哲哲阿 · first_building Castle |
| 33:15 | 潘森 · age_up imperial |
| 33:15 | M4A1 · age_up imperial |
| 33:21 | ferris110443 · first_building Archery Range |
| 33:23 | Artistrong · first_building Castle |
| 33:56 | chipmunk840710 · wall_segment Stone Wall x9 |
| 34:05 | 潘森 · first_building Siege Workshop |
| 34:43 | M4A1 · tribute_sent a jugador 1 |
| 34:43 | M4A1 · tribute_sent a jugador 2 |
| 34:43 | M4A1 · tribute_sent a jugador 3 |
| 34:43 | M4A1 · tribute_sent a jugador 4 |
| 34:43 | M4A1 · tribute_sent a jugador 5 |
| 34:43 | M4A1 · tribute_sent a jugador 6 |
| 34:43 | M4A1 · tribute_sent a jugador 8 |
| 35:06 | chipmunk840710 · wall_segment Stone Wall x7 |
| 37:12 | AdKa · age_up castle |
| 37:31 | ferris110443 · first_building Monastery |
| 37:59 | chipmunk840710 · wall_segment Stone Wall x7 |
| 38:19 | AdKa · first_building Monastery |
| 38:50 | chipmunk840710 · wall_segment Stone Wall x3 |
| 41:29 | chipmunk840710 · first_building Archery Range |
| 41:47 | ferris110443 · age_up imperial |
| 43:23 | Traumanomics · first_building Castle |
| 44:39 | AdKa · age_up imperial |
| 45:31 | AdKa · first_building Castle |
| 46:12 | M4A1 · resign |
[ ANÁLISIS IA · 1 CRÉDITO ]
¿Qué pasó realmente en esta partida?
Wolo.gg analiza cada decisión: build order, eco, micro, errores típicos por bracket. Análisis personalizado por WhatsApp o Discord en 30 segundos.
Guía civ
Turcos
Guía mapa
Black Forest
Perfil
Traumanomics